 Dungeon Crawl Stone Soup version 0.26-a0-64-g059e62fbdb (webtiles) character file.

Game seed: 7737110821275373729

157 Flubber the Shield-Bearer (level 5, -10/47 HPs)
             Began as a Minotaur Fighter on June 10, 2020.
             Was an Initiate of Okawaru.
             Mangled by a gnoll
             ... wielding a +0 halberd
              (12 damage)
             ... on level 3 of the Dungeon.
             The game lasted 00:04:36 (2013 turns).

Flubber the Shield-Bearer (Minotaur Fighter)        Turns: 2013, Time: 00:04:36

Health: -10/47     AC:  7    Str: 21    XL:     5   Next: 15%
Magic:  4/4        EV:  7    Int:  5    God:    Okawaru [......]
Gold:   110        SH:  9    Dex: 10    Spells: 4/4 levels left

rFire    . . .     SeeInvis .   p - +0 mace
rCold    . . .     Gourm    .   c - +0 kite shield
rNeg     . . .     Faith    .   b - +0 scale mail
rPois    .         Spirit   .   (helmet restricted)
rElec    .         Reflect  .   (no cloak)
rCorr    .         Harm     .   (no gloves)
MR       .....                  (no boots)
Stlth    ..........             (no amulet)
HPRegen  0.15/turn              (no ring)
MPRegen  0.09/turn              (no ring)

@: mighty, stab
A: retaliatory headbutt, horns 2
a: Renounce Religion


You were on level 3 of the Dungeon.
You worshipped Okawaru.
Okawaru was noncommittal.
You were not hungry.

You visited 1 branch of the dungeon, and saw 3 of its levels.

You collected 110 gold pieces.

Inventory:

Hand Weapons
 a - a +0 flail
 p - a +0 mace (weapon)
Missiles
 m - 53 bolts
 u - 26 stones (quivered)
Armour
 b - a +0 scale mail (worn)
 c - a +0 kite shield (worn)
 k - a +0 chain mail
 t - a +0 plate armour
Scrolls
 e - a scroll of fog
 j - a scroll of remove curse
 o - 2 scrolls of identify
 q - a scroll of amnesia {unknown}
 r - 3 scrolls of magic mapping
 s - a scroll of noise {unknown}
Potions
 g - a potion of haste
 n - a potion of curing {unknown}
Comestibles
 f - 8 rations
 h - 6 chunks of flesh


   Skills:
 + Level 4.5 Fighting
 * Level 4.4 Maces & Flails
 + Level 4.5 Armour
 + Level 4.5 Shields
 + Level 0.0 Invocations


You had 4 spell levels left.
You didn't know any spells.
Your spell library was empty.

Dungeon Overview and Level Annotations

Branches:
Dungeon (3/15)

Altars:
Cheibriados
Fedhas
Hepliaklqana
Okawaru
Xom


Innate Abilities, Weirdness & Mutations

You reflexively headbutt those who attack you in melee.
You have a pair of horns on your head.


Message History

The gnoll barely misses you.
You closely miss the gnoll. You block the gnoll's attack.
The gnoll barely misses you. x2
You closely miss the gnoll. The gnoll hits you with a +0 halberd!
* * * LOW HITPOINT WARNING * * *
The gnoll hits you with a +0 spear.
* * * LOW HITPOINT WARNING * * *
The gnoll barely misses you. The gnoll hits you but does no damage.
The gnoll barely misses you.
The gnoll hits you from afar with a +0 spear.
* * * LOW HITPOINT WARNING * * *
It was a potion of stabbing.
You feel ready to backstab. You block the gnoll's attack. x2
The gnoll hits you from afar with a +0 halberd.
* * * LOW HITPOINT WARNING * * *
It was a potion of magic.
Magic courses through your body. The gnoll closely misses you.
The gnoll hits you but does no damage.
The gnoll hits you from afar with a +0 halberd!
You die...

........)......#.###.#
......########.#######
......# #.##.#####
.....## #.##.#...#
.....# #.#..#...##
.....# #.#..#.P..#
.....# #.#.gg.._⌠#
.....###########g.#..P8#
.....+.>......#.@.#8..##
.....##......##...#...#
.....##...........#####
.....##...........#####
.....##......##.P.#...#
...)..........#...#..8##
........########P.#..P8#
........# #......⌠#
.._..#### #..#....#


You could see 3 gnolls.

Vanquished Creatures
  Natasha (thrice) (D:2)
  2 adders (D:2)
  An ooze (D:2)
  A dart slug (D:1)
  2 leopard geckos
  2 orcs (D:3)
  3 bats
  6 giant cockroaches
  7 goblins
  3 hobgoblins
  8 jackals
  A ball python (D:1)
  5 frilled lizards
  5 kobolds
  8 rats
57 creatures vanquished.

Notes
Turn   | Place    | Note
-------+----------+-------------------------------------------
     0 | D:1      | Flubber the Minotaur Fighter began the quest for the Orb.
     0 | D:1      | Reached XP level 1. HP: 19/19 MP: 0/0
   343 | D:1      | Reached XP level 2. HP: 27/27 MP: 1/1
   768 | D:2      | Reached XP level 3. HP: 33/33 MP: 2/2
   787 | D:2      | Noticed Natasha
   799 | D:2      | Killed Natasha
   998 | D:2      | Reached XP level 4. HP: 28/40 MP: 3/3
  1416 | D:2      | Noticed Natasha
  1435 | D:2      | Killed Natasha
  1555 | D:2      | Noticed Natasha
  1561 | D:2      | Killed Natasha
  1561 | D:2      | Reached XP level 5. HP: 40/47 MP: 4/4
  1611 | D:2      | Found a shimmering altar of Xom.
  1613 | D:2      | Found a hazy altar of Hepliaklqana.
  1614 | D:2      | Noticed a spectral ugly thing
  1925 | D:3      | Found a snail-covered altar of Cheibriados.
  1928 | D:3      | Found an iron altar of Okawaru.
  1932 | D:3      | Found a blossoming altar of Fedhas.
  1949 | D:3      | Became a worshipper of Warmaster Okawaru
  1994 | D:3      | Found a faded altar of an unknown god.
  2012 | D:3      | HP: 2/47 [gnoll/+0 halberd (2)]
  2013 | D:3      | Mangled by a gnoll

Illustrated notes

Levels and vault maps discovered:
D:1:      dpeg_arrival_rooms_a, layout_basic, serial_curves, eino_curves_03,
          eino_curves_02, eino_curves_03, eino_curves_03
D:2:      minmay_spotlight, layout_loops_ring, regret_index_temple_of_mockery,
          uniq_natasha
D:3:      layout_basic, grunt_temple_overflow_open, marbit_many_paths,
          chequers_ecumenical_altar_lobes, first_ration, serial_bayou_pond_e,
          nicolae_ru_the_path_less_chosen

Skill      XL: |  1  2  3  4 |
---------------+-------------+-----
Maces & Flails | 3 4 |  4.4
Fighting       | 4 |  4.5
Armour         | 4 |  4.5
Shields        | 4 |  4.5

Action                   |  1- 3 |  4- 6 || total
-------------------------+-------+-------++-------
Melee: Flail             |    41 |       ||    41
       Headbutt          |     8 |     8 ||    16
       Mace              |    30 |    86 ||   116
  Use: Scroll            |     5 |       ||     5
       Potion            |       |     3 ||     3
  Eat: Chunk             |       |     4 ||     4
Armor: Scale mail        |    45 |    58 ||   103
       Skin              |       |    17 ||    17
Dodge: Dodged            |    21 |    39 ||    60
Block: Kite shield       |    35 |    80 ||   115

Table legend:
 A = Non-vault XP
 B = Vault XP
 C = Vault XP percentage of total XP
 D = Non-vault monster count
 E = Vault monster count
 F = Vault count percentage of total count
                 A         B        C        D         E       F
            +---------+---------+-------+---------+---------+-------
      Total |     165 |      60 |  26.7 |      49 |       8 |  14.0
            +---------+---------+-------+---------+---------+-------
        D:1 |      38 |       0 |   0.0 |      23 |       0 |   0.0
        D:2 |     101 |      60 |  37.3 |      13 |       8 |  38.1
        D:3 |      26 |       0 |   0.0 |      13 |       0 |   0.0
            +---------+---------+-------+---------+---------+-------
